 Dungeon Crawl Stone Soup version 0.29-a0-474-gdfe5cd140f (webtiles) character file.

Game seed: 5906541631700248153

299727 Pelinal the Earth Mage (level 20, -3/118 HPs)
             Began as a Gargoyle Earth Elementalist on May 23, 2022.
             Was a High Priest of Sif Muna.
             Slain by a spark wasp (15 damage)
             ... on level 2 of the Depths on May 24, 2022.
             The game lasted 03:06:35 (58037 turns).

Pelinal the Earth Mage (GrEE)                      Turns: 58037, Time: 03:06:38

Health: -3/118     AC: 32    Str: 13    XL:     20   Next: 99%
Magic:  28/34      EV: 18    Int: 30    God:    Sif Muna [*****.]
Gold:   101        SH: 14    Dex: 10    Spells: 12/39 levels left

rFire   + + +      SeeInvis .   b - staff of earth
rCold   + + +      Faith    +   Y - +2 kite shield {rC+ rF+}
rNeg    + + .      Spirit   .   F - +5 steam dragon scales
rPois   ∞          Reflect  .   g - -2 hat of the Alchemist {rElec rPois rF+ rC+ rN+ Will+ rMut rCorr}
rElec   +          Harm     .   M - scarf {rC+ rF+}
rCorr   +          Rampage  .   T - +2 pair of gloves
rMut    +                       L - +4 pair of boots of Experimentation {rElec}
Will    ++...                   W - amulet of faith
Stlth   +++++.....              E - +6 ring of intelligence
HPRegen 0.29/turn               H - +4 ring of evasion
MPRegen 0.24/turn

@: flying, studying 2 skills
A: sickness immunity, AC +15, big wings, negative energy resistance 1,
electricity resistance, torment resistance 1, petrification resistance
}: 2/15 runes: serpentine, barnacled
a: Renounce Religion, Channel Magic, Forget Spell, Divine Exegesis


You were on level 2 of the Depths.
You worshipped Sif Muna.
Sif Muna was extremely pleased with you.
You visited 8 branches of the dungeon, and saw 37 of its levels.
You visited the Abyss 1 time.
You also visited: Sewer and Bailey.

You collected 4164 gold pieces.
You spent 4063 gold pieces at shops.

Inventory:

Hand Weapons
 a - a +2 dagger of speed
Missiles
 h - 497 stones
 w - 24 curare-tipped darts (quivered)
Armour
 g - the -2 hat of the Alchemist (worn) {rElec rPois rF+ rC+ rN+ Will+ rMut rCorr}
   (You bought it in a shop on level 1 of the Snake Pit)

   rF:        It protects you from fire.
   rC:        It protects you from cold.
   rElec:     It insulates you from electricity.
   rPois:     It protects you from poison.
   rN:        It protects you from negative energy.
   rCorr:     It protects you from acid and corrosion.
   rMut:      It protects you from mutation.
   Will:      It increases your willpower.
 F - +5 steam dragon scales (worn)
 L - the +4 pair of boots of Experimentation (worn) {rElec}
   (You acquired it on level 10 of the Dungeon)

   rElec:     It insulates you from electricity.
 M - a scarf of resistance (worn)
 T - a +2 pair of gloves (worn)
 Y - a +2 kite shield of resistance (worn)
Magical Staves
 b - a staff of earth (weapon)
Jewellery
 q - the ring "Betzyze" {rN+ MP+9 Str-2 SInv}
   (You acquired it on level 3 of the Snake Pit)

   [ring of magical power]

   Str:       It affects your strength (-2).
   rN:        It protects you from negative energy.
   MP:        It affects your magic capacity (+9).
   SInv:      It lets you see invisible.
 s - an amulet of the acrobat
 E - a +6 ring of intelligence (left hand)
 H - a +4 ring of evasion (right hand)
 R - an amulet of regeneration
 W - an amulet of faith (around neck)
Wands
 v - a wand of iceblast (9)
 z - a wand of digging (13)
 G - a wand of flame (36)
 K - a wand of mindburst (9)
 O - a wand of paralysis (20)
 Q - a wand of charming (5)
Scrolls
 d - a scroll of enchant weapon
 f - 2 scrolls of fog
 m - a scroll of amnesia
 o - 7 scrolls of teleportation
 p - 3 scrolls of poison
 t - 2 scrolls of magic mapping
 u - 3 scrolls of identify
 y - a scroll of summoning
 B - 3 scrolls of immolation
 N - 2 scrolls of fear
 S - a scroll of brand weapon
 Z - 4 scrolls of vulnerability
Potions
 c - 6 potions of magic
 i - 24 potions of curing
 j - 6 potions of brilliance
 l - 8 potions of haste
 n - 9 potions of might
 r - a potion of invisibility
 x - a potion of heal wounds
 A - 9 potions of lignification
 C - 3 potions of ambrosia
 D - 5 potions of mutation
 J - 9 potions of attraction
 U - a potion of cancellation
Miscellaneous
 e - a tin of tremorstones (1/2)
 k - a box of beasts (inert)
 P - a lightning rod (4/4)
 V - a phantom mirror
 X - a phial of floods


   Skills:
 - Level 10.4 Fighting
 - Level 6.0 Throwing
 - Level 5.0 Armour
 - Level 10.0 Dodging
 + Level 12.0 Stealth
 - Level 15.0 Shields
 - Level 10.0 Spellcasting
 + Level 12.0 Conjurations
 - Level 10.0 Hexes
 - Level 7.0 Necromancy
 - Level 4.9 Translocations
 - Level 10.2 Transmutations
 - Level 15.0 Earth Magic
 - Level 10.7 Invocations
 - Level 10.0 Evocations


You had 12 spell levels left.
You knew the following spells:

 Your Spells              Type           Power      Damage    Failure   Level
a - Sandblast             Erth           100%       2d20      0%          1
b - Stone Arrow           Conj/Erth      100%       3d13      1%          3
c - Petrify               Tmut/Erth      94%        N/A       1%          4
d - Lee's Rapid Deconstr  Erth           51%        3d25*     1%          5
e - Borgnjor's Vile Clut  Necr/Erth      44%        N/A       1%          5
f - Yara's Violent Unrav  Hex/Tmut       33%        3d14      2%          5
A - Passwall              Tmut/Erth      78%        N/A       1%          2
F - Blink                 Tloc           88%        N/A       1%          2

Your spell library contained the following spells:

 Spells                   Type           Power      Damage    Failure   Level
 Apportation              Tloc           88%        N/A       1%          1
 Beastly Appendage        Tmut           100%       N/A       1%          1
 Foxfire                  Conj/Fire      100%       2x1d9     1%          1
 Shock                    Conj/Air       100%       1d9       1%          1
 Sting                    Tmut/Pois      100%       1d8       1%          1
 Ensorcelled Hibernation  Hex/Ice        90%        N/A       1%          2
 Static Discharge         Conj/Air       50%        N/A       1%          2
 Wereblood                Tmut           66%        N/A       1%          2
 Confusing Touch          Hex            66%        N/A       1%          3
 Conjure Flame            Conj/Fire      50%        6-21      1%          3
 Dazzling Flash           Conj/Hex       100%       N/A       1%          3
 Portal Projectile        Hex/Tloc       100%       N/A       1%          3
 Tukima's Dance           Hex            66%        N/A       1%          3
 Anguish                  Hex/Necr       30%        N/A       1%          4
 Iskenderun's Mystic Bla  Conj/Tloc      60%        2d13      1%          4
 Leda's Liquefaction      Hex/Erth       47%        N/A       1%          4
 Iskenderun's Battlesphe  Conj           72%        2d12      1%          5
 Inner Flame              Hex/Fire       45%        N/A       2%          3
 Lesser Beckoning         Tloc           44%        N/A       2%          3
 Spider Form              Tmut/Pois      45%        N/A       2%          3
 Summon Guardian Golem    Hex/Summ       45%        N/A       2%          3
 Blade Hands              Tmut           33%        N/A       2%          5
 Animate Dead             Necr           55%        N/A       3%          4
 Flame Wave               Conj/Fire      50%        2d10      4%          4
 Hailstorm                Conj/Ice       50%        3d11      4%          4
 Freeze                   Ice            60%        1d8       6%          1
 Summon Small Mammal      Summ           60%        N/A       6%          1
 Ice Form                 Ice/Tmut       45%        N/A       8%          4
 Call Imp                 Summ           15%        N/A       9%          2
 Poisonous Vapours        Pois/Air       30%        N/A       9%          2
 Agony                    Necr           55%        N/A       10%         5
 Fireball                 Conj/Fire      25%        3d11      14%         5
 Lightning Bolt           Conj/Air       25%        1d41      14%         5
 Call Canine Familiar     Summ           15%        N/A       19%         3
 Ozocubu's Armour         Ice            15%        N/A       19%         3
 Alistair's Intoxication  Tmut/Pois      30%        N/A       21%         5
 Corpse Rot               Necr/Pois/Air  29%        N/A       22%         4
 Manifold Assault         Tloc           44%        N/A       22%         5
 Silence                  Hex/Air        22%        N/A       22%         5
 Summon Mana Viper        Hex/Summ       45%        N/A       22%         5
 Orb of Destruction       Conj           36%        9d11      36%         7
 Death Channel            Necr           27%        N/A       45%         6
 Airstrike                Air            7%         N/A       52%         4
 Summon Lightning Spire   Summ/Air       15%        N/A       52%         4
 Summon Forest            Summ/Tloc      14%        N/A       52%         5
 Conjure Ball Lightning   Conj/Air       25%        3x3d7     61%         6
 Starburst                Conj/Fire      25%        6d8       61%         6
 Enfeeble                 Hex            33%        N/A       63%         7
 Eringya's Noxious Bog    Tmut/Pois      22%        N/A       75%         6
 Dispersal                Tloc           22%        N/A       77%         6
 Simulacrum               Ice/Necr       18%        N/A       91%         6
 Spellforged Servitor     Conj/Summ      25%        N/A       99%         7
 Storm Form               Tmut/Air       22%        N/A       99%         7
 Summon Cactus Giant      Summ           7%         N/A       100%        6
 Malign Gateway           Summ/Tloc      14%        N/A       100%        7
 Ozocubu's Refrigeration  Ice            7%         4d6       100%        7
 Summon Hydra             Summ           7%         N/A       100%        7
 Disjunction              Tloc           22%        N/A       100%        8
 Maxwell's Capacitive Co  Air            7%         ∞         100%        8
 Summon Horrible Things   Summ           7%         N/A       100%        8
 Statue Form              Tmut/Erth      Unusable   N/A       N/A         6

Dungeon Overview and Level Annotations

Branches:
Dungeon (15/15)            Temple (1/1) D:7            Lair (6/6) D:8
 Shoals (4/4) Lair:3        Snake (4/4) Lair:4        Slime (0/5) Lair:6
    Orc (2/2) D:11            Elf (3/3) Orc:2        Vaults (0/5) D:14
 Depths (2/4) D:15          Sewer (visited)          Bailey (visited)

Altars:
Ashenzari
Cheibriados
Dithmenos
Elyvilon
Fedhas
Gozag
Hepliaklqana
Kikubaaqudgha
Makhleb
Nemelex Xobeh
Okawaru
Qazlal
Ru
Sif Muna
Trog
Uskayaw
Vehumet
Wu Jian
Xom
Yredelemnul
Zin
The Shining One
Beogh

Shops:
Orc:2 *[(=   Shoals:2 ([**[   Snake:1 ([([   Snake:4 (   Depths:1 :

Portals:
Hell: Depths:1
Abyss: Depths:1
Ziggurat: Depths:1
Trove: Depths:2 (give 5 potions of resistance)

Annotations:
D:10 exclusion: hydra
Shoals:1 2 transporters


Innate Abilities, Weirdness & Mutations

You are immune to sickness and miasma.
Your stone body is resilient. (AC +15)
You are immune to poison.
Your large and strong wings let you fly.
You resist negative energy. (rN+)
You are resistant to electric shocks. (rElec)
You are resistant to unholy torment.
You are immune to petrification.


Message History

The burst of rock shards engulfs the spark wasp!
The burst of rock shards engulfs you but does no damage.
The burst of rock shards engulfs the spark wasp. x2
You hear a horrible gurgling sound!
You hear a deafening roar!
The spark wasp stings you!
* * * LOW HITPOINT WARNING * * *
The spark wasp shocks you. You resist.
* * * LOW HITPOINT WARNING * * *
A spark wasp comes into view.
The spark wasp misses you.
A spark wasp comes into view.
Unknown command.
Unknown command.
Unknown command.
Unknown command.
Unknown command.
Unknown command.
Okay, then.
You open the lid... ...and a juvenile batox beast flies out!
The box is emptied!
You block the spark wasp's attack. x3
The spark wasp stings you but does no damage.
Unknown command.
Unknown command.
Unknown command.
You feel better.
Your juvenile batox beast hits the spark wasp!
Your juvenile batox beast closely misses the spark wasp.
The spark wasp stings you!
* * * LOW HITPOINT WARNING * * *
The spark wasp shocks you. You resist.
* * * LOW HITPOINT WARNING * * *
The spark wasp misses you.
Blink to where?
Press: ? - help, Dir - move target, p - spark wasp
As you read the scroll of blinking, it crumbles to dust.
The spark wasp bursts into living lightning!
The living lightning misses you.
The spark wasp blinks! x2
The spark wasp stings you!
You die...

#.....###†.<.y.#..
#..... #.§H.......
#.... ##..∩y......
#.... #..y........ #
#...####.....<....
#.#................)
#.............#.#.#.
#.....<.y...........
#......@......#.#.#.
.....................
..###..........#.#.#
. ................
...#.............
...###.......... ..
.......... ##.###....


You could see 3 spark wasps and a friendly juvenile batox beast (summoned).

Vanquished Creatures
  Vashnia (Snake:4)
  A shard shrike zombie (Abyss:3)
  Jorgrun (D:15)
  Rupert (Lair:6)
  Mlioglotl (Shoals:1)
  2 deep elf blademasters
  A deep elf master archer (Elf:3)
  2 krakens (Shoals:3)
  Polyphemus (Shoals:4)
  Frances (Snake:1)
  Kirke (Shoals:2)
  A tengu reaver (Depths:1)
  4 nagarajas
  A fire giant (Depths:1)
  A frost giant (Depths:1)
  8 deep elf sorcerers
  3 orc warlords (Orc:2)
  4 deep elf elementalists
  A stone giant (D:15)
  16 very ugly things
  8 deep elf annihilators (Elf:3)
  A vampire knight (Depths:1)
  6 deep elf demonologists
  3 deep elf death magi (Elf:3)
  4 ettins (Depths:1)
  Josephine (D:15)
  9 merfolk impalers
  5 deep elf high priests (Elf:3)
  2 merfolk javelineers (Shoals:4)
  3 ice dragons (Depths:1)
  4 hydras
  4 salamander tyrants
  2 vault guards (D:14)
  3 boulder beetles
  Erica (D:9)
  4 rakshasas
  An alligator snapping turtle (Shoals:2)
  A spriggan air mage (Depths:1)
  8 anacondas
  3 merfolk aquamancers
  5 merfolk avatars
  2 catoblepae
  5 centaur warriors
  5 two-headed ogres
  22 naga warriors
  8 tengu warriors
  A spriggan berserker (Depths:1)
  2 satyrs
  10 death yaks
  15 shock serpents
  4 thrashing horrors (Abyss:3)
  29 dancing weapons
  5 hell knights (Depths:1)
  7 orc high priests
  15 deep elf knights
  12 naga sharpshooters
  2 goliath frogs (Lair:6)
  A wretched star (Abyss:3)
  7 salamander mystics
  A glowing orange brain (Depths:1)
  10 sea snakes
  8 naga ritualists
  4 large abominations (Abyss:3)
  A kraken simulacrum (Shoals:4)
  An orange crystal statue (Elf:3)
  6 harpies
  9 deep elf archers
  Pikel (D:6)
  A wizard (Depths:1)
  36 deep elf pyromancers
  3 phantasmal warriors
  6 orc knights
  27 deep elf zephyrmancers
  6 mana vipers
  5 orc sorcerers
  18 manticores
  17 salamanders
  8 ugly things
  8 cyclopes
  A worldbinder (Abyss:3)
  34 black mambas
  9 fauns
  9 merfolk sirens
  Maurice (D:11)
  A torpor snail (Lair:4)
  A smoke demon (Abyss:3)
  6 guardian serpents
  2 gargoyles
  19 naga magi
  11 water nymphs
  25 cane toads
  The ghost of Skryme the Ducker, a novice MfGl (D:7)
  2 rime drakes (Lair:6)
  3 efreet
  5 komodo dragons
  3 tengu conjurers
  2 ancient zymes (Abyss:3)
  2 freezing wraiths
  A tormentor (Abyss:3)
  27 merfolk
  2 tyrant leeches (Lair:6)
  2 hornets
  8 trolls
  16 blink frogs
  8 wind drakes
  A tarantella (shapeshifter) (D:13)
  3 slime creatures (D:12)
  4 raiju (Abyss:3)
  10 dream sheep
  11 snapping turtles
  4 starcursed masses (Abyss:3)
  A centaur simulacrum (D:14)
  3 air elementals
  12 water elementals
  5 wraiths
  A spriggan (Depths:1)
  6 humans (D:14)
  2 wyverns (D:10)
  A culicivora (shapeshifter) (Elf:2)
  A naga simulacrum (Abyss:3)
  Eustachio (D:6)
  3 basilisks
  38 yaks
  5 fire elementals
  2 hogs (Shoals:2)
  2 steam dragons
  9 vampire mosquitoes
  58 nagas
  7 wargs
  14 water moccasins
  A floating eye (Depths:1)
  4 black bears
  2 ice beasts (D:7)
  47 orc warriors
  15 centaurs
  9 ogres
  10 wolves (Lair:6)
  12 kobold brigands
  Blork the orc (D:4)
  18 bullfrogs
  A gnoll sergeant (D:10)
  4 earth elementals
  4 necrophages (D:8)
  6 scorpions
  8 wights
  4 small abominations
  3 killer bees (D:9)
  4 howler monkeys
  3 electric eels
  A lava snake (D:8)
  3 hounds
  8 jellies
  21 orc priests
  An iron imp (Abyss:3)
  Jessica (D:2)
  Natasha (thrice) (D:4)
  Terence (D:2)
  Ijyb (D:4)
  26 orc wizards
  Robin (D:2)
  8 adders
  12 gnolls
  2 river rats (Sewer)
  2 shadow imps
  2 white imps
  2 ufetubi
  6 worms
  3 dart slugs
  109 orcs
  9 ball pythons
  4 endoplasms
  5 giant cockroaches
  9 hobgoblins
  6 iguanas
  5 jackals
  7 quokkas
  3 bats
  3 frilled lizards
  24 goblins
  24 kobolds
  8 rats
  4 tentacles (Shoals:3)
1343 creatures vanquished.

Vanquished Creatures (collateral kills)
  A deep elf death mage (Elf:3)
  2 nagas (Snake:1)
3 creatures vanquished.

Vanquished Creatures (others)
  A vault guard (D:14)
  A merfolk aquamancer (Shoals:4)
  A wizard (D:4)
  A naga (Snake:1)
  4 humans
  37 fungi
  170 plants
  28 tentacles (Shoals:3)
243 creatures vanquished.

Grand Total: 1589 creatures vanquished

Notes
Turn   | Place    | Note
-------+----------+-------------------------------------------
     0 | D:1      | Pelinal the Gargoyle Earth Elementalist began the quest for
                  | the Orb.
     0 | D:1      | Reached XP level 1. HP: 10/10 MP: 3/3
   313 | D:1      | Reached XP level 2. HP: 9/15 MP: 0/5
   884 | D:1      | Found a faded altar of an unknown god.
   901 | D:1      | Reached XP level 3. HP: 19/19 MP: 3/6
  1248 | D:2      | Noticed Terence
  1275 | D:1      | Learned a level 2 spell: Passwall
  1590 | D:2      | Noticed Robin
  1598 | D:2      | Reached skill level 5 in Earth Magic
  1603 | D:2      | Killed Robin
  1664 | D:2      | Reached XP level 4. HP: 24/24 MP: 7/7
  2143 | D:2      | Noticed Jessica
  2149 | D:2      | Killed Jessica
  2348 | D:2      | Killed Terence
  2349 | D:2      | Reached XP level 5. HP: 16/28 MP: 6/8
  3084 | D:3      | Found a glowing drain.
  3096 | Sewer    | Entered a sewer
  3213 | Sewer    | Noticed a kobold brigand
  3234 | Sewer    | Killed a kobold brigand
  3235 | Sewer    | Reached XP level 6. HP: 32/32 MP: 3/9
  3505 | Sewer    | Reached skill level 5 in Stealth
  3679 | Sewer    | Reached XP level 7. HP: 34/36 MP: 6/10
  4385 | D:3      | Learned a level 3 spell: Stone Arrow
  4574 | D:3      | Found a radiant altar of Vehumet.
  4929 | D:3      | Found an ancient bone altar of Kikubaaqudgha.
  4930 | D:3      | Noticed a human
  4933 | D:3      | Killed a human
  5245 | D:4      | Noticed Ijyb
  5255 | D:4      | Killed Ijyb
  5273 | D:4      | Noticed Natasha
  5279 | D:4      | Found a bloodstained altar of Trog.
  5281 | D:4      | Noticed a wizard
  5284 | D:4      | Killed Natasha
  5286 | D:4      | Killed a wizard
  5605 | D:4      | Learned a level 4 spell: Petrify
  5631 | D:4      | Found a shimmering altar of Xom.
  5640 | D:4      | Reached skill level 1 in Throwing
  5775 | D:4      | Reached XP level 8. HP: 41/41 MP: 8/11
  5802 | D:4      | Found a white marble altar of Elyvilon.
  5838 | D:4      | Became a worshipper of Elyvilon the Healer
  5856 | D:4      | Noticed Natasha
  5862 | D:4      | Killed Natasha
  6227 | D:4      | Noticed Natasha
  6240 | D:4      | Killed Natasha
  6262 | D:4      | Noticed Blork the orc
  6270 | D:4      | Killed Blork the orc
  6494 | D:5      | Entered Level 5 of the Dungeon
  6728 | D:5      | Reached skill level 10 in Earth Magic
  7406 | D:5      | Reached XP level 9. HP: 45/45 MP: 9/12
  7510 | D:6      | Reached * piety under Elyvilon
  7810 | D:6      | Noticed Eustachio
  7816 | D:6      | Killed Eustachio
  7819 | D:6      | You fall into a shaft and drop 2 floors!
  7913 | D:7      | Found an ornate altar of the Wu Jian Council.
  7940 | D:7      | Found a transporter.
  7946 | D:7      | Found a transporter.
  7946 | D:7      | Noticed Skryme's ghost (novice MfGl)
  8046 | D:7      | Reached skill level 5 in Throwing
  8053 | D:7      | Found a glowing silver altar of Zin.
  8402 | D:6      | Reached skill level 1 in Transmutations
  8447 | D:6      | Noticed Pikel
  8453 | D:6      | Killed Pikel
  8456 | D:6      | Noticed a hornet
  8461 | D:6      | Killed a hornet
  8753 | D:7      | Reached XP level 10. HP: 50/50 MP: 11/15
  8854 | D:7      | Found a staircase to the Ecumenical Temple.
  8863 | Temple   | Entered the Ecumenical Temple
  8878 | Temple   | Fell from the grace of Elyvilon
  8878 | Temple   | Became a worshipper of Sif Muna the Loreminder
  9058 | D:7      | Identified the +11 mace of the Tundras {drain, Str+2}
 10334 | D:8      | Found a staircase to the Lair.
 10667 | Lair:1   | Entered Level 1 of the Lair of Beasts
 10673 | Lair:1   | Reached skill level 5 in Conjurations
 10760 | Lair:1   | Reached skill level 5 in Spellcasting
 10869 | Lair:1   | Reached skill level 1 in Invocations
 11186 | Lair:1   | Reached skill level 5 in Transmutations
 11530 | Lair:1   | Identified the +6 war axe of Infinite Pain {drain, Dex+3}
 11832 | Lair:2   | Reached skill level 5 in Invocations
 12019 | Lair:2   | Reached XP level 11. HP: 54/54 MP: 15/18
 12033 | Lair:2   | Reached skill level 1 in Shields
 12775 | Lair:3   | Reached * piety under Sif Muna
 12997 | Lair:3   | Noticed a five-headed hydra
 13083 | Lair:3   | Reached skill level 5 in Shields
 13147 | Lair:3   | Reached skill level 5 in Dodging
 13835 | Lair:3   | Killed a five-headed hydra
 13836 | Lair:3   | Reached XP level 12. HP: 59/59 MP: 15/19
 14071 | Lair:3   | Found a staircase to the Shoals.
 14909 | Lair:4   | Found a staircase to the Snake Pit.
 15069 | Lair:4   | Noticed a catoblepas
 15092 | Lair:4   | Killed a catoblepas
 15092 | Lair:4   | Reached ** piety under Sif Muna
 15998 | Lair:5   | Noticed a five-headed hydra
 16014 | Lair:5   | Killed a five-headed hydra
 16015 | Lair:5   | Reached skill level 10 in Stealth
 16248 | Lair:5   | Reached skill level 1 in Evocations
 16771 | Lair:6   | Entered Level 6 of the Lair of Beasts
 16816 | Lair:6   | Noticed Rupert
 17057 | Lair:6   | Paralysed by Rupert for 5 turns
 17438 | D:9      | Noticed Erica
 17452 | D:9      | Killed Erica
 17815 | D:9      | Reached *** piety under Sif Muna
 17990 | D:9      | Reached XP level 13. HP: 63/63 MP: 9/20
 18487 | D:10     | Entered Level 10 of the Dungeon
 18489 | D:10     | Identified 3 scrolls of acquirement
 18489 | D:10     | Acquired the +4 pair of boots of Experimentation {rElec}
 18502 | D:10     | Acquired a ring of protection from fire
 18504 | D:10     | Acquired a book of the Earth
 18512 | D:10     | Learned a level 5 spell: Lee's Rapid Deconstruction
 18629 | D:10     | Found a flagged portal.
 18634 | Bailey   | Entered a bailey
 18983 | Bailey   | Found an iron altar of Okawaru.
 19100 | D:10     | Found a broken altar of Ashenzari.
 19669 | D:10     | Reached **** piety under Sif Muna
 19985 | D:11     | Reached skill level 5 in Evocations
 20316 | D:11     | Noticed Maurice
 20359 | D:11     | Killed Maurice
 20497 | D:11     | Found a staircase to the Orcish Mines.
 21957 | D:12     | Reached skill level 10 in Shields
 22335 | Lair:6   | Reached ***** piety under Sif Muna
 22461 | Lair:6   | Found a staircase to the Slime Pits.
 22571 | Lair:6   | Gained mutation: Your large and strong wings let you fly.
                  | [Gargoyle growth]
 22571 | Lair:6   | Reached XP level 14. HP: 54/68 MP: 1/21
 22599 | Lair:6   | Received a gift from Sif Muna
 22600 | Lair:6   | Got Sif Muna's Almanac of Ice and Lightness {god gift}
 22899 | Lair:6   | Reached skill level 15 in Earth Magic
 22914 | Lair:6   | Reached skill level 1 in Fighting
 23723 | Lair:6   | Identified the +3 falchion of the Equator {spect, Str+4}
 23970 | Lair:6   | Killed Rupert
 25006 | D:7      | Killed Skryme's ghost
 25299 | Orc:1    | Entered Level 1 of the Orcish Mines
 25369 | Orc:1    | Reached skill level 5 in Fighting
 25659 | Orc:2    | Entered Level 2 of the Orcish Mines
 26349 | Orc:2    | Noticed an orc warlord
 26350 | Orc:2    | Noticed an orc warlord
 26354 | Orc:2    | Received a gift from Sif Muna
 26355 | Orc:2    | Killed an orc warlord
 26356 | Orc:2    | Got Sif Muna's Disquisition on the Shifting Glacier {god
                  | gift}
 26387 | Orc:2    | Killed an orc warlord
 26636 | Orc:2    | Noticed an orc warlord
 26647 | Orc:2    | Killed an orc warlord
 26782 | Orc:2    | Found Moedoysch's General Store.
 26791 | Orc:2    | Bought 17 stones for 30 gold pieces
 26791 | Orc:2    | Bought a tin of tremorstones (2/2) for 720 gold pieces
 26799 | Orc:2    | Found Xikhlies's Antique Armour Shoppe.
 26816 | Orc:2    | Found Toiwof's Jewellery Shoppe.
 26833 | Orc:2    | Found Witureah's Antique Weapon Shoppe.
 26974 | Orc:2    | Found a staircase to the Elven Halls.
 27689 | Orc:1    | Reached XP level 15. HP: 88/88 MP: 12/22
 27691 | Orc:1    | Reached skill level 10 in Invocations
 30074 | D:14     | Found a gate to the Vaults.
 30247 | D:15     | Entered Level 15 of the Dungeon
 30391 | D:15     | Noticed Jorgrun
 30396 | D:15     | Killed Jorgrun
 30809 | D:15     | Noticed Josephine
 30812 | D:15     | Killed Josephine
 31383 | D:15     | Identified the +4 ring mail "Gautur" {-Cast rPois rN+
                  | Dex+3}
 31491 | D:15     | Found a staircase to the Depths.
 31813 | Elf:1    | Entered Level 1 of the Elven Halls
 32283 | Elf:1    | Reached skill level 10 in Dodging
 32283 | Elf:1    | Reached XP level 16. HP: 96/96 MP: 13/24
 32486 | Elf:1    | Learned a level 5 spell: Yara's Violent Unravelling
 32747 | Elf:1    | Reached skill level 1 in Hexes
 33225 | Elf:1    | Got Qidatux's Catalogue of Battle Magic and Summoning
 33839 | Elf:2    | Found an ancient bone altar of Kikubaaqudgha.
 34275 | Elf:2    | Paralysed by an air elemental for 1 turns
 34365 | Elf:2    | Paralysed by an air elemental for 1 turns
 34447 | Elf:2    | Paralysed by a deep elf zephyrmancer for 2 turns
 34770 | Elf:2    | Found a runed translucent gate.
 34770 | Elf:2    | Found a runed translucent gate.
 34774 | Elf:2    | Found a runed translucent gate.
 35459 | Elf:2    | Reached XP level 17. HP: 100/100 MP: 16/27
 35465 | Elf:2    | Noticed a deep elf blademaster
 35479 | Elf:2    | Killed a deep elf blademaster
 35975 | Elf:3    | Entered Level 3 of the Elven Halls
 36247 | Elf:3    | Reached skill level 5 in Hexes
 36559 | Elf:3    | Noticed a Hell Sentinel
 36565 | Elf:3    | Noticed a deep elf master archer
 36568 | Elf:3    | Killed a deep elf master archer
 36582 | Elf:3    | Reached skill level 10 in Evocations
 36865 | Elf:3    | Received a gift from Sif Muna
 36867 | Elf:3    | Got Sif Muna's Reference Book on Mutagenic Displacement
                  | {god gift}
 36933 | Elf:3    | Learned a level 2 spell: Blink
 37299 | Elf:3    | Reached skill level 1 in Translocations
 37343 | Elf:3    | Noticed a deep elf blademaster
 37347 | Elf:3    | Identified the +3 broad axe "Ovvellis" {pain, rC++ Str-4}
 37347 | Elf:3    | Identified the +0 ring mail of the Ecumenical Temple {rC+
                  | Int+4}
 37352 | Elf:3    | Killed a deep elf blademaster
 37358 | Elf:3    | Killed a ghostly deep elf blademaster
 37594 | Elf:3    | Identified the +9 dagger "Jysm" {protect, *Noise rElec
                  | rF+++ Str+4}
 37597 | Elf:3    | Cast into level 3 of the Abyss (a deep elf sorcerer)
 37847 | Abyss:3  | Noticed a dread lich
 37942 | Elf:3    | Escaped the Abyss
 38587 | Elf:3    | Identified the +9 demon trident "Xuron" {pain, rPois rN+
                  | Stlth+}
 38713 | Elf:3    | Reached XP level 18. HP: 105/105 MP: 19/30
 39277 | Snake:1  | Entered Level 1 of the Snake Pit
 39515 | Snake:1  | Noticed Frances
 39536 | Snake:1  | Killed Frances
 39704 | Snake:1  | Found Miqeirin's Armour Shop.
 39704 | Snake:1  | Found Axuub's Antique Weapon Shop.
 39706 | Snake:1  | Found Gageax's Antique Armour Shop.
 39742 | Snake:1  | Found Uwejoidy's Weapon Shop.
 39790 | Snake:1  | Bought the -2 hat of the Alchemist {rElec rPois rF+ rC+ rN+
                  | Will+ rMut rCorr} for 1416 gold pieces
 39790 | Snake:1  | Found the -2 hat of the Alchemist {rElec rPois rF+ rC+ rN+
                  | Will+ rMut rCorr}
 40170 | Snake:1  | Learned a level 5 spell: Borgnjor's Vile Clutch
 40565 | Snake:1  | Reached skill level 1 in Necromancy
 42943 | Snake:2  | Reached skill level 5 in Necromancy
 44253 | Snake:3  | Acquired the ring "Betzyze" {rN+ MP+9 Str-2 SInv}
 45268 | Snake:4  | Entered Level 4 of the Snake Pit
 46339 | Snake:4  | Reached XP level 19. HP: 110/110 MP: 22/31
 46822 | Snake:4  | Noticed Vashnia
 46824 | Snake:4  | Reached skill level 10 in Transmutations
 46846 | Snake:4  | Killed Vashnia
 47178 | Snake:4  | Got a serpentine rune of Zot
 47294 | Snake:4  | Reached skill level 10 in Hexes
 47415 | Snake:4  | Found Uvauwogu's Weapon Emporium.
 48178 | Shoals:1 | Entered Level 1 of the Shoals
 48292 | Shoals:1 | Found a transporter.
 48294 | Shoals:1 | Found a transporter.
 48303 | Shoals:1 | Found a transporter.
 48309 | Shoals:1 | Found a transporter.
 48319 | Shoals:1 | Found a transporter.
 48319 | Shoals:1 | Found a transporter.
 48633 | Shoals:1 | Reached skill level 1 in Armour
 48655 | Shoals:1 | Noticed Mlioglotl
 48673 | Shoals:1 | Killed Mlioglotl
 49759 | Shoals:2 | Found Xibbupp's Armour Shop.
 49837 | Shoals:2 | Noticed Kirke
 49844 | Shoals:2 | Received a gift from Sif Muna
 49851 | Shoals:2 | Killed Kirke
 50266 | Shoals:2 | Found Vuschuarph's Merfolk Magic.
 50266 | Shoals:2 | Found Vuschuarph's Visitors' Centre.
 50432 | Shoals:2 | Found Vuschuarph's Merfolk Weapons.
 50432 | Shoals:2 | Found Vuschuarph's Merfolk Armours.
 50465 | Shoals:2 | Bought a scarf of resistance for 480 gold pieces
 50475 | Shoals:2 | Bought 6 curare-tipped darts for 57 gold pieces
 51395 | Shoals:3 | Reached skill level 5 in Armour
 51868 | Shoals:3 | Reached XP level 20. HP: 115/115 MP: 24/32
 52754 | Shoals:3 | Received a gift from Sif Muna
 53136 | Shoals:4 | Entered Level 4 of the Shoals
 53139 | Shoals:4 | Noticed Polyphemus
 53149 | Shoals:4 | Killed Polyphemus
 54187 | Shoals:4 | Reached skill level 10 in Fighting
 54970 | Shoals:4 | Identified the +4 plate armour of Qyxt {Fly rPois}
 55133 | Shoals:4 | Got the Volume of Mutagenic Toxins
 55406 | Shoals:4 | Got a barnacled rune of Zot
 56653 | Depths:1 | Entered Level 1 of the Depths
 56653 | Depths:1 | Found a gateway to Hell.
 56653 | Depths:1 | Found a one-way gateway to a ziggurat.
 56653 | Depths:1 | Found a one-way gate to the infinite horrors of the Abyss.
 56666 | Depths:1 | Reached skill level 10 in Spellcasting
 56930 | Depths:1 | Found Nerots's Self-Improvement Boutique.
 56937 | Depths:1 | Bought a manual of Conjurations for 1360 gold pieces
 56958 | Depths:1 | Reached skill level 10 in Conjurations
 57338 | Depths:1 | Reached skill level 15 in Shields
 57984 | Depths:2 | Found a portal to a secret trove of treasure.
 58037 | Depths:2 | Slain by a spark wasp

Illustrated notes

Levels and vault maps discovered:
D:1:      giann_forest_graveyard, layout_basic,
          dreamdust_ecumenical_altar_angels_and_demons
D:2:      layout_basic, serial_forest, infiniplex_forest_straight_2,
          infiniplex_forest_lined_3_way, infiniplex_forest_join,
          infiniplex_forest_end_double, infiniplex_forest_straight_4,
          infiniplex_forest_lined_3_way, infiniplex_forest_clump_diagonal,
          infiniplex_forest_side_room, infiniplex_forest_split,
          infiniplex_forest_end_3, uniq_terence, uniq_jessica, uniq_robin
D:3:      layout_loops_cross, tgw_kikubaaqudgha, nicolae_vehumet_radiance,
          gup_sewer_entry_bowl, minmay_door_square, minmay_distorted
D:4:      layout_loops_cross, overflow_temple_1_default, dk_xom_monty_hall,
          trog_wizard, uniq_ijyb, uniq_blork_the_orc, uniq_natasha
D:5:      layout_basic
D:6:      layout_basic, minmay_misc_feat_nine_boxes, uniq_eustachio, uniq_pikel
D:7:      layout_basic, zin_academy, mainiacjoe_overflow_brackets, temple_hall,
          gammafunk_ghost_arena, amcnicky_mini_corridor_feature
D:8:      layout_layer_cave, lair_entry_dummy, serial_undead, serial_undead_f,
          serial_undead_a, serial_undead_f, serial_undead_f,
          nicolae_lava_and_water
D:9:      layout_big_octagon, serial_co_window_serial, co_window_paths_a,
          co_window_corner_a, co_window_paths_a, co_window_paths_a,
          co_window_of_opportunity_a, co_window_corner_a, co_window_cross_1,
          co_window_unsneaky_path_a, co_window_corner_ca, co_window_broadway_a,
          co_window_4corner_a, glass_columns_a, glass_columns_b,
          glass_columns_b, glass_columns_a, glass_columns_a, uniq_erica
D:10:     layout_basic, mainiacjoe_overflow_24_doors, enter_bailey_3
D:11:     layout_cave_pods, erik_orc_3, minmay_curled_crystal, uniq_maurice
D:12:     layout_rooms
D:13:     layout_rooms
D:14:     layout_basic, ximxim_vaults_locker_room, serial_bayou_ford_a
D:15:     grunt_enter_depths_snipers, layout_basic, uniq_jorgrun, uniq_josephine
Temple:   zaba_magenta_temple
Lair:1:   layout_chaotic_city
Lair:2:   layout_loops_ring, st_stairs_6, grunt_megastairs_4
Lair:3:   layout_regular_city, minmay_shoals_entry_lonely_mermaid,
          lemuel_fruit_fields, infiniplex_staircase_pool_2
Lair:4:   layout_cellular_growth, dummy_snake_entry
Lair:5:   layout_misc_corridors, minivault_26
Lair:6:   minmay_lair_end_frog_pond, layout_cave_pods,
          nicolae_slime_entry_slimehenge, st_stairs_5, minivault_11,
          lemuel_fruit_fields, uniq_rupert
Shoals:1: layout_shoals, serial_nicolae_subway, nicolae_sub_station_metal,
          nicolae_sub_station_stone, nicolae_sub_station_crystal, uniq_mlioglotl
Shoals:2: nicolae_shoals_mermall, layout_shoals, serial_shops, shop, uniq_kirke
Shoals:3: layout_shoals
Shoals:4: shoals_end_grunt_ice, layout_shoals, uniq_polyphemus
Snake:1:  layout_rooms, minmay_shop_grid_forest, grunt_megastairs_3,
          uniq_frances
Snake:2:  layout_honeycomb
Snake:3:  layout_onion, grunt_megastairs_1
Snake:4:  johnstein_snake_rune_scales, layout_onion_interference, serial_shops,
          nicolae_shop_bloodbath_and_beyond, grunt_megastairs_5
Orc:1:    layout_caves
Orc:2:    grunt_orc_cross, layout_diamond_mine, minmay_orc_barracks
Elf:1:    nicolae_elf_arrival_no_cutting_in_line, layout_geoelf_diagonals,
          minmay_elf_sorcery
Elf:2:    elven_hall_of_blades_hangedman_original [nicolae_blade_little_rooms],
          layout_geoelf_octagon, basic_altar, hangedman_elf_power_crystal,
          moated_statue
Elf:3:    minmay_elf_hall_quartered_circle, layout_geoelf_grid, minivault_16,
          st_stairs_2
Depths:1: layout_small_grid, enter_ziggurat_b, hangedman_decor_slide_cut,
          abyss_entry, hell_entry, chequers_serial_rivers_micro_b,
          nicolae_shop_self_help
Depths:2: minmay_the_grid_octo_triangle [minmay_the_grid_octo_odd_swirl,
          minmay_the_grid_octo_prize_single_spiral, minmay_the_grid_octo_horde],
          layout_cave_pools, serial_co_window_serial, co_window_paths_b,
          co_window_corner_a, co_window_corner_a, co_window_paths_b,
          co_window_paths_a, co_window_corner_b, co_window_paths_c,
          co_window_broadway_a, co_window_broadway_b, co_window_4corner_a,
          glass_columns_b, glass_columns_b, glass_columns_a, glass_columns_b,
          glass_columns_a, enter_trove_0, abyss_entry, pan_entry,
          lightli_too_deep, nrook_pool_corridor, uniq_mara, uniq_josephina,
          uniq_bai_suzhen

Skill      XL: |  1  2  3  4  5  6  7  8  9 10 11 12 13 14 15 16 17 18 19 20 |
---------------+-------------------------------------------------------------+-----
Earth Magic    | 4 5 6 8 9 10 14 15 | 15.0
Stealth        | 3 4 5 6 8 9 11 12 | 12.0
Throwing       | 1 4 6 |  6.0
Transmutations | 2 5 6 7 8 10 | 10.2
Spellcasting   | 3 5 6 8 10 | 10.0
Conjurations   | 3 5 7 9 12 | 12.0
Invocations    | 5 6 9 10 | 10.7
Dodging        | 6 7 10 | 10.0
Shields        | 7 8 10 12 15 | 15.0
Evocations     | 3 5 8 9 10 | 10.0
Fighting       | 8 9 10 | 10.4
Hexes          | 4 6 7 10 | 10.0
Translocations | 3 4 |  4.9
Necromancy     | 7 |  7.0
Armour         | 5 |  5.0

Action                   |  1- 3 |  4- 6 |  7- 9 | 10-12 | 13-15 | 16-18 | 19-21 || total
-------------------------+-------+-------+-------+-------+-------+-------+-------++-------
Melee: Spear             |    81 |       |       |       |       |       |       ||    81
       Dagger            |     4 |   108 |   124 |   134 |   399 |    11 |    27 ||   807
       Punch             |     1 |       |     1 |       |       |       |       ||     2
       Mace              |       |       |       |    48 |       |       |       ||    48
       Staff             |       |       |       |       |    27 |    67 |   169 ||   263
 Fire: Hunting sling     |     1 |       |       |       |       |       |       ||     1
Throw: Dart              |       |    12 |    28 |    81 |    48 |     1 |       ||   170
       Stone             |       |     1 |     1 |       |       |       |       ||     2
 Cast: Sandblast         |    24 |    31 |   137 |   212 |   158 |   133 |   186 ||   881
       Passwall          |       |     1 |       |       |       |     1 |       ||     2
       Stone Arrow       |       |       |     4 |    48 |   192 |   191 |   191 ||   626
       Petrify           |       |       |       |    18 |    47 |     6 |    35 ||   106
       Lee's Rapid Decon |       |       |       |       |   180 |   309 |   176 ||   665
       Yara's Violent Un |       |       |       |       |       |    12 |    22 ||    34
       Borgnjor's Vile C |       |       |       |       |       |    56 |    63 ||   119
       Blink             |       |       |       |       |       |       |     4 ||     4
Invok: Channel Magic     |       |       |       |     1 |    31 |    39 |    36 ||   107
Evoke: Wand              |       |       |     1 |     1 |    10 |     4 |     3 ||    19
       Phantom mirror    |       |       |       |       |     1 |     2 |     1 ||     4
       Phial of floods   |       |       |       |       |     1 |       |       ||     1
       Tin of tremorston |       |       |       |       |       |     3 |     5 ||     8
       Box of beasts     |       |       |       |       |       |     1 |     2 ||     3
       Lightning rod     |       |       |       |       |       |       |     8 ||     8
  Use: Scroll            |       |       |     1 |    16 |    17 |     7 |     7 ||    48
       Potion            |       |       |       |     1 |     3 |     8 |     9 ||    21
 Stab: Sleeping          |     5 |     8 |    10 |     3 |     9 |       |     3 ||    38
       Petrified         |       |       |       |    29 |    60 |     9 |    27 ||   125
       Distracted        |       |       |       |     2 |       |       |       ||     2
       Petrifying        |       |       |       |     1 |     2 |       |     1 ||     4
Armor: Robe              |    35 |    33 |    46 |     1 |       |       |       ||   115
       Steam dragon scal |       |       |       |    62 |   202 |   164 |   257 ||   685
Dodge: Dodged            |    38 |    46 |    82 |   173 |   377 |   229 |   334 ||  1279
Block: Buckler           |       |       |       |    43 |    19 |       |       ||    62
       Kite shield       |       |       |       |       |   331 |   240 |   322 ||   893

Table legend: (Time is in decaauts)
 A = Elapsed time spent in this place.
 B = Non-inter-level travel time spent in this place.
 C = Inter-level travel time spent in this place.
 D = Time resting spent in this place.
 E = Time spent auto-exploring this place.
 F = Levels seen in this place.
 G = Mean time per level.
                   A        B        C        D        E       F      G
               +--------+--------+--------+--------+--------+-----+--------+
         Total |  58400 |  53847 |   4553 |  16137 |  24784 |  40 | 1460.0 |
       Dungeon |  19112 |  17195 |   1917 |   3127 |  10449 |  15 | 1274.1 |
        Temple |     77 |     51 |     26 |      0 |     47 |   1 |   77.0 |
          Lair |  10109 |   8898 |   1211 |   2605 |   4201 |   6 | 1684.8 |
        Shoals |   8084 |   7818 |    266 |   3064 |   2889 |   4 | 2021.0 |
     Snake Pit |   7538 |   7303 |    235 |   2676 |   3014 |   4 | 1884.5 |
  Orcish Mines |   2902 |   2491 |    411 |    573 |   1026 |   2 | 1451.0 |
   Elven Halls |   7060 |   6584 |    476 |   3228 |   1771 |   3 | 2353.3 |
        Depths |   1372 |   1363 |      9 |    401 |    627 |   2 |  686.0 |
         Abyss |    349 |    349 |      0 |     95 |     13 |   1 |  349.0 |
         Sewer |   1376 |   1376 |      0 |    238 |    725 |   1 | 1376.0 |
        Bailey |    415 |    415 |      0 |    129 |     21 |   1 |  415.0 |
               +--------+--------+--------+--------+--------+-----+--------+

Top non-repeatable levels by time:
Shoals:4: 2930 daAuts
  Lair:6: 2821 daAuts
   Elf:3: 2716 daAuts
 Snake:4: 2472 daAuts
   Elf:2: 2262 daAuts
Shoals:3: 2116 daAuts
   Orc:2: 2108 daAuts
  Lair:4: 2098 daAuts
   Elf:1: 2082 daAuts
  Lair:3: 2017 daAuts
 Snake:2: 1909 daAuts
     D:2: 1693 daAuts
     D:9: 1680 daAuts
Shoals:1: 1644 daAuts
 Snake:1: 1623 daAuts
